Map: Prion Terraces

Players

ProjectPat - Winner!

  • Race: Terran Terran
  • League: Platinum

LilDicky

  • Race: Terran Terran
  • League: Diamond

VOD

http://www.twitch.tv/tumescentpie

Description

Time

  • Played on: Nov. 27, 2015, 12:16 p.m.
  • Length: 14:59
Show
View Real Time Build Order
Export as new Build Order

ProjectPat Terran - Winner!

Build Orders: MMM Bio, Banshee Rush 

Get SALT Encoding   

  12  0:00  SCV  
  13  0:12  SCV  
  14  0:18  Supply Depot  
  14  0:25  SCV  
  15  0:33  Refinery  
  15  0:40  Barracks  
  15  0:44  SCV  
  16  0:56  SCV  
  17  1:14  SCV  
  18  1:29  Marine  
  18  1:30  Orbital Command  
  19  1:39  Factory  
  19  1:55  Refinery  
  19  1:57  SCV  
  19  1:58  Barracks Reactor  
  20  2:09  SCV  
  20  2:13  Command Center  
  21  2:21  SCV  
  22  2:29  Supply Depot  
  22  2:31  Starport  
  22  2:36  SCV  
  23  2:45  Barracks Tech Lab  
  23  2:51  Engineering Bay  
  23  2:53  SCV  
  23  2:56  Hellion  
  26  3:01  Hellion  
  28  3:06  SCV  
  29  3:18  SCV  
  30  3:20  Supply Depot, Cloaking Field  
  30  3:29  Orbital Command  
  30  3:35  SCV  
  30  3:39  Banshee  
  34  3:48  Terran Infantry Weapons Level 1  
  34  3:49  SCV  
  34  3:51  Barracks Tech Lab  
  34  3:53  Widow Mine  
  37  4:05  SCV  
  37  4:06  SCV  
  39  4:12  Barracks  
  39  4:14  Barracks  
  39  4:18  SCV x2  
  39  4:23  Stimpack  
  41  4:28  Widow Mine  
  41  4:30  SCV  
  44  4:36  Widow Mine  
  38  4:47  Marine  
  38  4:50  Missile Turret  
  39  4:53  Missile Turret  
  38  5:01  Widow Mine  
  38  5:03  Viking  
  38  5:05  SCV, Marine  
  42  5:15  Missile Turret  
  42  5:17  Barracks Reactor  
  42  5:23  SCV  
  42  5:26  Barracks Reactor  
  37  5:39  Marine  
  38  5:45  Widow Mine x2  
  36  5:56  Marine x2  
  36  5:57  Marine  
  38  6:03  Marine x2  
  38  6:14  Marine x3  
  38  6:15  Orbital Command  
  41  6:21  Marine x2  
  41  6:25  SCV  
  38  6:32  Marine x3  
  41  6:40  SCV x2  
  43  6:52  SCV x2  
  45  6:58  Combat Shields  
  45  6:59  Marine  
  46  7:05  Missile Turret  
  46  7:21  SCV, Marine x5  
  46  7:22  Supply Depot  
  52  7:26  Terran Infantry Armor Level 1, Armory  
  52  7:31  SCV  
  52  7:34  SCV  
  52  7:36  Supply Depot  
  54  7:43  SCV, Medivac, Marine x3  
  59  7:46  SCV  
  59  7:52  Marine  
  59  7:53  Marine  
  59  8:02  Marine x3  
  61  8:13  Refinery  
  61  8:16  Marine x2  
  61  8:17  Medivac x2  
  66  8:20  Marine x2  
  68  8:27  Marine  
  68  8:31  SCV  
  70  8:46  Supply Depot  
  70  9:03  Supply Depot  
  70  9:05  Marine x2  
  70  9:07  Marine x3  
  70  9:08  SCV, Siege Tank  
  77  9:12  Medivac  
  78  9:23  Marine x2  
  77  9:25  Marine  
  77  9:29  Marine x2  
  71  9:40  Marine  
  71  9:42  Marine  
  70  9:48  Marine  
  70  9:49  Marine  
  70  9:51  Marine  
  70  9:58  Marine  
  62  10:12  Marine x3  
  52  10:24  Orbital Command  
  49  10:35  SCV  
  50  10:36  Terran Infantry Weapons Level 2, Marine  
  50  10:38  Terran Vehicle Weapons Level 1, Marine x4  
  55  10:54  Marine  
  55  10:56  Marine x4  
  60  10:58  SCV  
  61  11:12  SCV, Marine  
  61  11:13  SCV  
  61  11:14  Marine x3  
  67  11:19  Marine  
  67  11:24  SCV  
  69  11:30  Marine  
  70  12:17  Command Center, Orbital Command  
  70  12:44  Medivac x2, Marine  
  70  12:45  Siege Tank  
  78  12:55  Marine  
  78  13:05  Marine x2  
  78  13:06  Marine x2  
  78  13:07  SCV  
  73  13:13  Marine  
  73  13:19  SCV  
  75  13:23  Marauder, Marine  
  75  13:24  Refinery  
  78  13:28  Marine x2  
  78  13:30  Supply Depot  
  78  13:31  Supply Depot x4, Orbital Command, Marine  
  78  13:33  Supply Depot  
  81  13:34  Siege Tank  
  81  13:40  Marine  
  85  13:44  Marine  
  85  13:46  Marine x2  
  80  13:49  Marine  
  81  13:57  Viking  
  81  13:58  Marine  
  81  14:02  Marine  
  85  14:04  Marine x2  
  85  14:07  Marine  
  88  14:17  Marine  
  88  14:20  Marine  
  90  14:37  Marine x2  
  90  14:38  Marine  
  93  14:39  SCV  
Show
View Real Time Build Order
Export as new Build Order

LilDicky Terran 

Build Orders: 1/1/1, Banshee Rush 

Get SALT Encoding   

  12  0:01  SCV  
  13  0:13  SCV  
  14  0:17  Supply Depot  
  14  0:25  SCV  
  15  0:29  Refinery  
  15  0:39  SCV  
  16  0:46  Barracks  
  16  0:53  SCV  
  17  1:15  SCV  
  19  1:33  Marine  
  19  1:35  Supply Depot, Orbital Command  
  19  1:40  Factory  
  19  1:43  Refinery  
  19  1:51  Marine  
  19  2:00  SCV  
  20  2:09  Marine  
  21  2:18  SCV  
  22  2:24  Factory Tech Lab, Starport  
  22  2:27  Marine  
  23  2:34  SCV  
  24  2:37  Supply Depot  
  24  2:45  Marine  
  24  2:50  Widow Mine  
  27  3:04  Engineering Bay  
  27  3:05  Marine  
  27  3:09  Cloaking Field  
  27  3:10  Banshee  
  31  3:16  SCV  
  32  3:21  Supply Depot  
  32  3:24  Factory Tech Lab  
  32  3:36  Missile Turret, Marine  
  31  3:46  Siege Tank  
  34  4:07  Banshee  
  37  4:14  SCV  
  37  4:15  Supply Depot  
  37  4:16  Marine  
  39  4:41  Command Center  
  39  5:12  Marine  
  37  5:16  SCV  
  38  5:24  Banshee  
  38  5:25  Siege Tank  
  45  5:28  SCV  
  34  6:11  Siege Tank  
  34  6:13  Raven  
  34  6:18  Barracks x2  
  39  6:20  Barracks  
  36  6:26  SCV  
  36  6:27  Orbital Command  
  36  6:32  Marine  
  37  6:37  Command Center  
  37  6:38  SCV  
  38  6:50  Refinery, Marine  
  39  6:55  Refinery  
  39  6:57  Siege Tank  
  39  7:00  SCV  
  43  7:03  SCV  
  44  7:12  SCV  
  45  7:16  Barracks Tech Lab  
  45  7:17  Barracks Tech Lab  
  45  7:18  Barracks Reactor  
  45  7:21  Banshee  
  48  7:26  SCV x2  
  50  7:31  Siege Tank  
  50  7:32  Marine  
  54  7:40  Combat Shields, Stimpack  
  54  7:41  Marine  
  55  8:08  Siege Tank  
  55  8:09  Marine x2  
  55  8:10  Marauder x2  
  55  8:11  Banshee  
  67  8:15  Orbital Command  
  67  8:18  SCV  
  67  8:19  Refinery  
  65  8:28  Terran Infantry Weapons Level 1  
  65  8:29  Starport  
  65  8:33  Marauder, Marine x2  
  69  8:38  SCV x2  
  71  8:41  SCV, Refinery  
  71  8:45  Marine  
  71  8:46  Marine  
  74  8:49  Siege Tank  
  74  8:50  SCV x2  
  74  8:53  SCV  
  80  9:24  Marine  
  80  9:25  Marine x4  
  80  9:43  Marine x2  
  79  9:51  Starport Tech Lab  
  67  9:57  SCV x2  
  56  10:01  Marine x2  
  45  10:19  Marine  
  31  10:36  Barracks  
  31  10:37  Factory  
  30  10:47  Command Center  
  30  10:55  Barracks  
  30  10:56  Barracks  
  27  10:57  Barracks  
  27  10:58  Barracks x2  
  27  11:03  SCV x2  
  28  11:15  SCV x2  
  28  11:16  Orbital Command  
  30  11:21  Factory Tech Lab  
  30  11:22  Starport  
  30  11:27  SCV  
  26  11:40  SCV  
  26  11:43  Command Center  
  26  11:47  Marine x3  
  21  11:50  Bunker  
  21  11:51  Bunker  
  21  11:53  Bunker  
  24  11:55  Bunker  
  24  12:02  Engineering Bay  
  24  12:04  Marine x3  
  24  12:05  Marine x2  
  28  12:17  Orbital Command  
  28  12:21  Marine x2  
  28  12:22  Marine x2  
  27  12:23  Marine  
  27  12:26  Banshee  
  29  12:39  Marine x2  
  29  12:40  Marine x2  
  29  12:42  Widow Mine  
  35  12:51  Planetary Fortress  
  32  13:18  Supply Depot  
  32  13:22  Supply Depot  
  32  13:23  Supply Depot  
  32  13:31  Supply Depot x2  
  32  13:32  Supply Depot  
  31  13:36  Marine x2  
  31  13:37  Marine x2  
  31  13:40  Banshee, Marine  
  34  13:53  SCV x2, Marine  
  34  13:54  Marine  
  34  13:55  Marine x2  
  40  13:57  Marine  
  41  14:11  Marine  
  42  14:17  SCV  
  42  14:19  SCV  
  42  14:20  Marine  
  42  14:21  Marine  
  49  14:29  SCV  
  50  14:38  Marine x2  
  49  14:40  Factory Tech Lab  
  49  14:43  SCV x2  
Tags
 
Add a new tag
Caveats
  • Supply blocks, unpowered buildings, or Contaminate may cause inaccurate times.
  • Supply counts are checked every 10 seconds.